 Dungeon Crawl Stone Soup version 0.28.0-47-ge53b351184 (webtiles) character file.

Game seed: 16068837713253769721

60 Bruhh the Magician (level 4, -1/31 HPs)
             Began as a Djinni Fire Elementalist on Apr 28, 2022.
             Slain by Terence
             ... wielding a +2 flail of protection
              (10 damage)
             ... on level 2 of the Dungeon.
             The game lasted 00:02:18 (2688 turns).

Bruhh the Magician (Djinni Fire Elementalist)       Turns: 2688, Time: 00:02:19

Health: -1/31      AC:  2    Str:  7    XL:     4   Next: 25%
Gold:   91         EV: 12    Int: 18    God:
                   SH:  0    Dex: 14

rFire   + + .      SeeInvis .   (no weapon)
rCold   x . .      Faith    .   (no shield)
rNeg    . . .      Spirit   .   a - +0 robe
rPois   ∞          Reflect  .   (no helmet)
rElec   .          Harm     .   (no cloak)
rCorr   .          Rampage  .   (no gloves)
Will    .....                   (boots unavailable)
Stlth   ++........              (no amulet)
HPRegen 0.10/turn               (no ring)
MPRegen 0.00/turn               (no ring)

@: flying
A: sickness immunity, fire resistance 2, cold vulnerability 1, float, innate
caster, HP casting, extra vitality 1
a: no special abilities


You were on level 2 of the Dungeon.
You visited 1 branch of the dungeon, and saw 2 of its levels.

You collected 91 gold pieces.

Inventory:

Missiles
 g - 3 curare-tipped darts
Armour
 a - a +0 robe (worn)
Scrolls
 c - a scroll of immolation {unknown}
 d - a scroll of amnesia {unknown}
 e - a scroll of teleportation {unknown}
Potions
 b - a potion of cancellation {unknown}
 f - a potion of attraction {unknown}


   Skills:
 - Level 2.1 Dodging
 - Level 1.5 Stealth
 + Level 3.7 Spellcasting


You couldn't memorise any spells.
You knew the following spells:

 Your Spells              Type           Power      Damage    Failure   Level
a - Foxfire               Conj/Fire      68%        2x1d7     3%          1
b - Scorch                Fire           34%        2d6       4%          2
c - Conjure Flame         Conj/Fire      17%        6-21      10%         3
d - Inner Flame           Hex/Fire       17%        N/A       10%         3
e - Flame Wave            Conj/Fire      17%        2d6       32%         4
f - Beastly Appendage     Tmut           34%        N/A       3%          1
Your spell library was empty.

Dungeon Overview and Level Annotations

Branches:
Dungeon (2/15)

Altars:

Shops:
D:1 !   D:2 ?

Annotations:
D:2 Terence


Innate Abilities, Weirdness & Mutations

You are immune to sickness and miasma.
You are immune to poison.
Your flesh is very heat resistant. (rF++)
You are vulnerable to cold. (rC-)
You float through the air rather than walking.
You learn spells naturally, not from books.
Your magical power is your life essence.
You have superior vitality. (+4 MHP)


Message History

Found Rufucziz's Distillery.
You now have 91 gold pieces (gained 19).
f - a yellow potion You see here 3 curare-tipped darts.
Key pressed, stopping explore.
There is a fountain of clear blue water here.
There is an entrance to Rufucziz's Distillery here.
There is a fountain of clear blue water here.
There is a stone staircase leading down here.
There is a fountain of clear blue water here.
There are no items here.
You see here 3 curare-tipped darts.
g - 3 curare-tipped darts
There is a stone staircase leading down here.
There is a stone staircase leading down here.
You fly downwards.
There is a stone staircase leading up here.
Terence is nearby!
Terence is nearby!
Found 4 poisoned darts.
Flames lash Terence but do no damage.
Terence shouts!
Flames lash Terence but do no damage.
Terence hits you with a +2 flail of protection.
Flames lash Terence.
Terence is moderately wounded.
Terence's fire resistance burns away.
Terence hits you with a +2 flail of protection.
Flames lash Terence.
Terence is burned terribly!
Terence is almost dead.
Terence hits you with a +2 flail of protection!
You are too injured to fight recklessly!
You are too injured to fight recklessly!
You are too injured to fight recklessly!
Casting: Scorch (safe; 4% risk of failure)
Confirm with . or Enter, or press ? or * to list all spells.
Flames lash Terence but do no damage.
* * * LOW HITPOINT WARNING * * *
Terence hits you with a +2 flail of protection!
You die...

.##. ... .... #..
.... .. #. (. #.
##+##. ## #. #.....
.# ....
#....@##.#.#... ...#
#.....@<....... ..
#......########## .
.......##≈≈≈≈≈≈≈≈##
.#######≈≈≈≈≈≈≈≈≈≈##
##≈≈≈≈≈≈≈≈≈≈≈≈##
##≈≈≈≈≈≈≈≈≈≈≈≈≈≈##
##≈≈≈≈≈≈≈≈≈≈≈≈≈≈≈≈##
#≈≈≈≈≈≈≈≈≈≈≈≈≈≈≈≈≈≈#
#≈≈≈≈≈≈≈≈≈≈≈≈≈)≈≈≈≈#


You could see Terence (combustible).

Vanquished Creatures
  An adder (D:2)
  A worm (D:2)
  A dart slug (D:1)
  A ball python (D:2)
  6 endoplasms
  2 giant cockroaches
  3 hobgoblins
  4 jackals (D:1)
  4 quokkas
  2 bats
  3 frilled lizards
  5 goblins
  7 kobolds
  3 rats (D:1)
43 creatures vanquished.

Vanquished Creatures (others)
  29 foxfires
29 creatures vanquished.

Grand Total: 72 creatures vanquished

Notes
Turn   | Place    | Note
-------+----------+-------------------------------------------
     0 | D:1      | Bruhh the Djinni Fire Elementalist began the quest for the
                  | Orb.
     0 | D:1      | Reached XP level 1. HP: 15/15 MP: 0/0
   334 | D:1      | You are sucked into a shaft and drop 1 floor!
   348 | D:2      | Reached XP level 2. HP: 7/21 MP: 0/0
   670 | D:2      | Reached skill level 3 in Spellcasting
   885 | D:2      | Found Zijiocij's Magic Scroll Shoppe.
  1102 | D:2      | Reached XP level 3. HP: 22/25 MP: 0/0
  1102 | D:2      | Learned a level 1 spell: Beastly Appendage
  1130 | D:2      | Found a faded altar of an unknown god.
  2104 | D:1      | Reached XP level 4. HP: 28/31 MP: 0/0
  2654 | D:1      | Found Rufucziz's Distillery.
  2682 | D:2      | Noticed Terence
  2688 | D:2      | Slain by Terence

Illustrated notes

Levels and vault maps discovered:
D:1:      grunt_arrival_crossed_arrows, layout_rooms, serial_shops,
          shop_fountains, minmay_door_square, hex_tiny
D:2:      kennysheep_big_flooded_room, layout_basic,
          nicolae_ecumenical_oubliette, serial_shops,
          nicolae_shop_temple_entry_statues_fountains, uniq_terence

Skill      XL: |  1  2 |
---------------+-------+-----
Spellcasting   | 3 |  3.7
Dodging        | |  2.1
Stealth        | |  1.5

Action                   |  1- 3 |  4- 6 || total
-------------------------+-------+-------++-------
Melee: Unarmed           |     8 |     1 ||     9
 Cast: Foxfire           |    17 |       ||    17
       Scorch            |    32 |    19 ||    51
Armor: Robe              |     2 |     2 ||     4
Dodge: Dodged            |    10 |     9 ||    19
